 Dungeon Crawl Stone Soup version 0.30-a0-862-g1aabd4f9c5 (webtiles) character file.

Game seed: 16304175686790515062

1149 scionoferis the Grave Robber (level 8, 0/60 HPs)
             Began as a Mummy Necromancer on Mar 9, 2023.
             Was a Follower of Sif Muna.
             Slain by Grinder (3 damage)
             ... on level 6 of the Dungeon.
             The game lasted 00:16:27 (5596 turns).

scionoferis the Grave Robber (Mummy Necromancer)    Turns: 5596, Time: 00:16:27

Health: 0/60       AC:  3    Str: 11    XL:     8   Next: 15%
Magic:  15/16      EV: 12    Int: 16    God:    Sif Muna [*.....]
Gold:   203        SH:  0    Dex: 13    Spells: 8/17 levels left

rFire   . . .      SeeInvis .    a - +0 quarterstaff (spect)
rCold   + . .      Faith    +    (shield currently unavailable)
rNeg    + + +      Spirit   .    c - +0 robe
rPois   ∞          Reflect  .    (no helmet)
rElec   .          Rampage  .    w - +0 cloak
rCorr   .                        (no gloves)
Will    +....                    (no boots)
Stlth   ++                       (no amulet)
HPRegen 0.30/turn                f - ring of fire
MPRegen 0.15/turn                u - ring of protection from cold

@: no status effects
A: cold resistance 1, negative energy resistance 3, torment resistance 2, heat
vulnerability 1, in touch with death 1, no potions, faith
a: Renounce Religion, Channel Magic


You were on level 6 of the Dungeon.
You worshipped Sif Muna.
Sif Muna was aware of your devotion.
You visited 1 branch of the dungeon, and saw 6 of its levels.

You collected 203 gold pieces.


Innate Abilities, Weirdness & Mutations

You are immune to poison.
Your flesh is cold resistant. (rC+)
You are immune to negative energy. (rN+++)
You are immune to unholy pain and torment.
You are vulnerable to heat. (rF-)
You are in touch with the powers of death.
You do not drink.
You have a special connection with the divine. (Faith)


   Skills:
 + Level 3.8 Fighting
 - Level 1.5 Dodging
 + Level 4.0 Stealth
 + Level 5.4 Spellcasting
 + Level 1.9 Conjurations
 * Level 7.2 Necromancy


You had 8 spell levels left.
You knew the following spells:

 Your Spells              Type           Power      Damage    Failure   Level
a - Necrotise             Necr           100%       1d9       1%          1
b - Vampiric Draining     Necr           41%        2d8       2%          3
c - Magic Dart            Conj           40%        1d5       6%          1
d - Animate Dead          Necr           41%        N/A       8%          4

Your spell library contained the following spells:

 Spells                   Type           Power      Damage    Failure   Level
 Agony                    Necr           41%        N/A       21%         5
 Petrify                  Tmut/Erth      4%         N/A       82%         4
 Irradiate                Conj/Tmut      3%         3d12      95%         5
 Sublimation of Blood     Necr           Unusable   N/A       N/A         2

Inventory:

Hand Weapons
 a - a +0 spectral quarterstaff (weapon)
   (You found it on level 5 of the Dungeon)
 b - a +0 sling
   (You took it off a goblin on level 3 of the Dungeon)
 i - a +0 falchion
   (You found it on level 2 of the Dungeon)
 s - a +3 dagger
   (You took it off a kobold on level 2 of the Dungeon)
 v - a +2 whip of draining
   (You took it off a gnoll bouda on level 5 of the Dungeon)
Missiles
 h - 5 atropa-tipped darts
 k - 10 poisoned darts
 o - 10 boomerangs
 p - 5 javelins
Armour
 c - a +0 robe (worn)
 w - a +0 cloak (worn)
   (You took it off Crazy Yiuf on level 5 of the Dungeon)
Jewellery
 d - a ring of flight
   (You found it on level 1 of the Dungeon)
 f - a ring of fire (left hand)
   (You found it on level 1 of the Dungeon)
 u - a ring of protection from cold (right hand)
   (You found it on level 5 of the Dungeon)
Scrolls
 e - 2 scrolls of vulnerability {unknown}
 g - 2 scrolls of amnesia {unknown}
 j - 2 scrolls of teleportation {unknown}
 m - a scroll of fog {unknown}
 n - 2 scrolls of enchant armour {unknown}
 q - a scroll of magic mapping {unknown}
 r - 3 scrolls of identify {unknown}
 t - a scroll of blinking {unknown}

Dungeon Overview and Level Annotations

Branches:
Dungeon (6/15)
 Temple: D:4-7

Altars:
Cheibriados
Kikubaaqudgha
Sif Muna
Vehumet

Annotations:
D:3 2 transporters, BillyBaka's ghost, amateur MiFi
D:4 Dowan; Duvessa
D:6 Grinder

####### #.....# #.....#
###.....# #.......#########
###.......##.)....#############
...........'c..5@......(.......
###......###).....####.<..####
.........# ######## #....#
..#)###### #....# . #.# ##.###
#.# #.# #.# #.# ..# #.# ### #.#


You could see Grinder (fast) and a centaur.


Message History

You feel more attuned to fire.
f - a ring of fire (left hand) Unknown command.
You pick up a book of Alchemy and begin reading...
You add the spells Petrify and Irradiate to your library.
Found a spear.
You see here a +0 spear.
An orc comes into view. It is wielding a +0 hand axe.
b - a +0 sling (weapon)
You shoot a sling bullet. The sling bullet hits the orc.
The orc shouts!
The orc is heavily wounded.
You shoot a sling bullet. The sling bullet hits the orc.
You kill the orc!
Sif Muna accepts your kill.
You can now call upon Sif Muna for magical energy.
You see here a +0 hand axe.
Found a stone staircase leading down.
You now have 177 gold pieces (gained 7).
A howler monkey comes into view.
The howler monkey howls!
A phantom comes into view.
The howler monkey hoots and howls with incredible vigour!
You hear a shout!
You feel a bond with your +0 spectral quarterstaff.
a - a +0 spectral quarterstaff (weapon)
The howler monkey hoots and howls with incredible vigour!
Casting: Vampiric Draining (dangerous; 4% risk of failure)
Confirm with . or Enter, or press ? or * to list all spells.
Aiming: Necrotise (safe; 1% risk of failure)
Press: ? - help, Shift-Dir - straight line, f - howler monkey
Aim: a howler monkey (catching its breath, chance to affect: 88%)
You feel a surge of power!
The howler monkey writhes in agony.
Casting: Necrotise (safe; 1% risk of failure)
Confirm with . or Enter, or press ? or * to list all spells.
Aiming: Necrotise (safe; 1% risk of failure)
Press: ? - help, Shift-Dir - straight line, f/p - howler monkey
Aim: a howler monkey (lightly wounded, catching its breath, chance to affect: 88%)
You feel a surge of power!
The howler monkey writhes in agony.
You barely miss the howler monkey.
The howler monkey is moderately wounded.
Your +0 spectral quarterstaff hits the howler monkey!
The howler monkey barely misses you.
You closely miss the howler monkey.
The howler monkey is severely wounded.
Your +0 spectral quarterstaff hits the howler monkey!
You kill the howler monkey!
Sif Muna accepts your kill.
The phantom hits your +0 spectral quarterstaff but does no damage.
You hit the phantom.
The phantom is lightly damaged.
Your +0 spectral quarterstaff hits the phantom.
The phantom hits you. x2
You hit the phantom.
The phantom is lightly damaged.
Your +0 spectral quarterstaff misses the phantom.
The phantom hits you!
You sock the phantom!
The phantom is moderately damaged.
Your +0 spectral quarterstaff hits the phantom.
The phantom hits you.
You hit the phantom.
The phantom is heavily damaged.
Your +0 spectral quarterstaff misses the phantom.
The phantom barely misses you.
You hit the phantom.
The phantom is severely damaged.
Your +0 spectral quarterstaff misses the phantom.
Your +0 spectral quarterstaff fades away.
The phantom hits you. The phantom misses you.
You hit the phantom but do no damage.
The phantom is severely damaged.
Your +0 spectral quarterstaff barely misses the phantom.
The phantom hits you.
The phantom blinks!
You blink.
You closely miss the phantom.
The phantom is severely damaged.
Your +0 spectral quarterstaff misses the phantom.
The phantom hits you.
The phantom blinks!
You blink.
You closely miss the phantom.
The phantom is severely damaged.
Your +0 spectral quarterstaff barely misses the phantom.
The phantom completely misses you. The phantom barely misses you.
You thump the phantom!
The phantom is almost destroyed.
Your +0 spectral quarterstaff closely misses the phantom.
The phantom closely misses you.
You hit the phantom.
You destroy the phantom!
Sif Muna accepts your kill.
Your Fighting skill increases to level 3!
You have reached level 7!
Unknown command.
You start resting.
An adder comes into view.
You barely miss the adder.
The adder hisses angrily.
The adder barely misses you. x2
You miss the adder. The adder bites you. The adder closely misses you.
You miss the adder. The adder closely misses you. The adder bites you.
You barely miss the adder. The adder closely misses you.
You barely miss the adder. The adder bites you but does no damage.
The adder bites you.
You see here a howler monkey corpse.
The adder attacks as you move away! The adder completely misses you.
The adder bites you.
You hit the adder but do no damage.
Your +0 spectral quarterstaff hits the adder!
The adder misses your +0 spectral quarterstaff.
You closely miss the adder.
The adder is almost dead.
Your +0 spectral quarterstaff completely misses the adder.
The adder bites you. The adder closely misses you.
You hit the adder but do no damage.
The adder is almost dead.
Your +0 spectral quarterstaff hits the adder but does no damage.
The adder bites your +0 spectral quarterstaff.
Your spectral weapon shares its damage with you!
You hit the adder but do no damage.
The adder is almost dead.
Your +0 spectral quarterstaff hits the adder.
You kill the adder!
Sif Muna accepts your kill.
You start resting.
HP restored.
You see here a +0 hand axe.
You see here a +0 spear.
There is a stone staircase leading up here.
You climb upwards.
Level annotation: exclusion: phantom, Dowan; Duvessa
There is a stone staircase leading down here.
You see here 6 stones.
A phantom is nearby!
The phantom hits you.
The phantom blinks!
You blink.
You hit the phantom.
The phantom is lightly damaged.
Your +0 spectral quarterstaff hits the phantom.
The phantom closely misses you. The phantom hits you.
The phantom blinks!
You blink.
You thump the phantom!
The phantom is heavily damaged.
Your +0 spectral quarterstaff closely misses the phantom.
The phantom hits you.
You thump the phantom!
The phantom is almost destroyed.
Your +0 spectral quarterstaff misses the phantom.
The phantom hits you.
You hit the phantom but do no damage.
The phantom is almost destroyed.
Your +0 spectral quarterstaff hits the phantom!
You destroy the phantom!
Sif Muna accepts your kill.
No target in view!
Magic restored.
HP restored.
You see here a +0 dagger.
You now have 189 gold pieces (gained 12).
Things that are here:
5 stones; a glowing pink potion You see here 6 stones.
There is a stone staircase leading down here.
You see here a fizzy pink potion.
There is a stone staircase leading up here.
Partly explored, can't reach some places.
There is a stone staircase leading up here.
You see here a fizzy pink potion.
There is a stone staircase leading down here.
Unknown command.
You climb downwards.
There is a stone staircase leading up here.
You see here a glowing pink potion.
You open the door.
A gnoll bouda and a phantom come into view.
The gnoll bouda is wielding a +2 whip of draining.
Found a scroll labelled QAEBLI NEMOBYM and a scale mail.
Casting: Necrotise (safe; 1% risk of failure)
Confirm with . or Enter, or press ? or * to list all spells.
Aiming: Necrotise (safe; 1% risk of failure)
Press: ? - help, Shift-Dir - straight line, f - gnoll bouda
Aim: a gnoll bouda, wielding a +2 whip of draining and wearing a +0 robe (chance to affect: 83%)
You feel a surge of power!
The gnoll bouda writhes in agony.
The gnoll bouda gazes fiercely through you!
You feel your attacks grow feeble.
Casting: Necrotise (safe; 1% risk of failure)
Confirm with . or Enter, or press ? or * to list all spells.
Aiming: Necrotise (safe; 1% risk of failure)
Press: ? - help, Shift-Dir - straight line, f/p - gnoll bouda
Aim: a gnoll bouda, wielding a +2 whip of draining and wearing a +0 robe (moderately wounded, chance to affect: 83%)
You feel a surge of power!
The gnoll bouda writhes in agony.
Casting: Necrotise (safe; 1% risk of failure)
Confirm with . or Enter, or press ? or * to list all spells.
Aiming: Necrotise (safe; 1% risk of failure)
Press: ? - help, Shift-Dir - straight line, f/p - gnoll bouda
Aim: a gnoll bouda, wielding a +2 whip of draining and wearing a +0 robe (heavily wounded, chance to affect: 83%)
You feel a surge of power!
The gnoll bouda barely resists.
The gnoll bouda gazes fiercely through you!
You feel as though you will be weak longer.
You hit the gnoll bouda but do no damage.
The gnoll bouda is heavily wounded.
Your +0 spectral quarterstaff hits the gnoll bouda but does no damage.
The gnoll bouda barely misses you.
The gnoll bouda gazes fiercely through you!
You feel as though you will be weak longer.
The gnoll bouda hits you with a +2 whip of draining.
You closely miss the gnoll bouda.
The gnoll bouda is heavily wounded.
Your +0 spectral quarterstaff hits the gnoll bouda.
The gnoll bouda hits your +0 spectral quarterstaff with a +2 whip of draining.
Your spectral weapon shares its damage with you!
You catch the helpless gnoll bouda completely off-guard!
You hit the gnoll bouda but do no damage.
The gnoll bouda is severely wounded.
Your +0 spectral quarterstaff hits the gnoll bouda but does no damage.
The gnoll bouda hits your +0 spectral quarterstaff with a +2 whip of draining.
Your spectral weapon shares its damage with you!
You hit the gnoll bouda but do no damage.
The gnoll bouda is severely wounded.
Your +0 spectral quarterstaff closely misses the gnoll bouda.
The gnoll bouda barely misses you.
The gnoll bouda hits you with a +2 whip of draining!
You closely miss the gnoll bouda.
The gnoll bouda is heavily wounded.
Your +0 spectral quarterstaff barely misses the gnoll bouda.
The gnoll bouda gazes fiercely through you!
You feel as though you will be weak longer.
The gnoll bouda hits you with a +2 whip of draining!
You hit the gnoll bouda but do no damage.
The gnoll bouda is heavily wounded.
Your +0 spectral quarterstaff barely misses the gnoll bouda.
The gnoll bouda hits you with a +2 whip of draining!
Casting: Necrotise (safe; 1% risk of failure)
Confirm with . or Enter, or press ? or * to list all spells.
Aiming: Vampiric Draining (dangerous; 3% risk of failure)
Press: ? - help, Shift-Dir - straight line, f/p - gnoll bouda
Aim: a gnoll bouda, wielding a +2 whip of draining and wearing a +0 robe (heavily wounded, ally target)
You feel a surge of power!
You draw life force from the gnoll bouda!
You kill the gnoll bouda!
Sif Muna accepts your kill.
You feel life coursing into your body.
Your Conjurations skill increases to level 1!
You start resting.
Your attacks no longer feel as feeble.
You start resting.
Magic restored.
You start resting.
HP restored.
Things that are here:
a +2 whip of draining; a +0 robe; a gnoll corpse
v - a +2 whip of draining You closely miss the phantom.
Your +0 spectral quarterstaff barely misses the phantom.
The phantom hits you but does no damage.
The phantom closely misses you.
You miss the phantom.
Your +0 spectral quarterstaff barely misses the phantom.
The phantom closely misses you.
You barely miss the phantom.
Your +0 spectral quarterstaff misses the phantom.
The phantom hits you.
The phantom blinks!
You blink.
You closely miss the phantom.
Your +0 spectral quarterstaff hits the phantom but does no damage.
The phantom barely misses you.
You hit the phantom.
The phantom is lightly damaged.
Your +0 spectral quarterstaff misses the phantom.
The phantom misses you. The phantom hits you.
The phantom blinks!
You blink.
You hit the phantom but do no damage.
The phantom is lightly damaged.
Your +0 spectral quarterstaff misses the phantom.
The phantom hits you but does no damage.
You barely miss the phantom.
The phantom is lightly damaged.
Your +0 spectral quarterstaff hits the phantom!
The phantom barely misses you.
You hit the phantom but do no damage.
The phantom is moderately damaged.
Your +0 spectral quarterstaff hits the phantom.
The phantom hits you but does no damage.
The phantom hits you.
You hit the phantom but do no damage.
The phantom is heavily damaged.
Your +0 spectral quarterstaff hits the phantom but does no damage.
The phantom hits you.
You miss the phantom.
The phantom is heavily damaged.
Your +0 spectral quarterstaff hits the phantom.
The phantom completely misses you.
You completely miss the phantom.
The phantom is heavily damaged.
Your +0 spectral quarterstaff hits the phantom but does no damage.
The phantom closely misses you. x2
You miss the phantom.
The phantom is heavily damaged.
Your +0 spectral quarterstaff hits the phantom but does no damage.
The phantom hits you but does no damage.
You barely miss the phantom.
The phantom is heavily damaged.
Your +0 spectral quarterstaff barely misses the phantom.
The phantom completely misses you.
You closely miss the phantom.
The phantom is heavily damaged.
Your +0 spectral quarterstaff hits the phantom.
Your +0 spectral quarterstaff fades away.
The phantom completely misses you.
You hit the phantom.
The phantom is almost destroyed.
Your +0 spectral quarterstaff closely misses the phantom.
The phantom barely misses you. The phantom hits you.
The phantom blinks!
You blink.
You barely miss the phantom.
The phantom is almost destroyed.
Your +0 spectral quarterstaff hits the phantom but does no damage.
The phantom barely misses you.
You completely miss the phantom.
The phantom is almost destroyed.
Your +0 spectral quarterstaff completely misses the phantom.
The phantom closely misses you.
You barely miss the phantom.
The phantom is almost destroyed.
Your +0 spectral quarterstaff barely misses the phantom.
The phantom closely misses you. The phantom hits you.
You barely miss the phantom.
The phantom is almost destroyed.
Your +0 spectral quarterstaff hits the phantom!
You destroy the phantom!
Sif Muna accepts your kill.
No target in view!
j - 2 scrolls labelled NULIYXZUOS (gained 1)
An orc comes into view. It is wielding a +0 hand axe.
Casting: Vampiric Draining (dangerous; 3% risk of failure)
Confirm with . or Enter, or press ? or * to list all spells.
Aiming: Necrotise (safe; 1% risk of failure)
Press: ? - help, Shift-Dir - straight line, f - orc
Aim: an orc, wielding a +0 hand axe and wearing a +0 leather armour (wandering, hasn't noticed you, chance to affect: 93%)
You feel a surge of power!
The orc shouts!
The orc writhes in agony!
You kill the orc!
Sif Muna accepts your kill.
The dead are walking!
You hear a shout! x3
An orc comes into view. It is wielding a +0 short sword.
Your orc skeleton hits the orc.
The orc completely misses your orc skeleton.
An orc comes into view. It is wielding a +0 whip.
Your orc skeleton barely misses the orc.
You swap places.
The orc completely misses you.
Things that are here:
a +0 hand axe; a +0 leather armour; a scroll labelled BAFFISKO WYUT You barely miss the orc.
The orc is lightly wounded.
Your +0 spectral quarterstaff hits the orc but does no damage.
The orc hits you with a +0 short sword.
The orc hits your +0 spectral quarterstaff with a +0 whip.
Your spectral weapon shares its damage with you!
You sock the orc!
You kill the orc!
Sif Muna accepts your kill. The orc barely misses you.
You hit the orc but do no damage.
Your +0 spectral quarterstaff hits the orc!
You kill the orc!
Sif Muna accepts your kill.
An orc wizard comes into view. It is wielding a +0 dagger.
Things that are here:
a +0 whip; a +0 ring mail; an orc corpse The orc wizard gestures at you while chanting.
You easily resist.
The orc wizard casts a spell at you. The magic dart hits you!
An orc comes into view. It is wielding a +0 club.
The orc wizard barely misses you.
You hit the orc wizard.
The orc wizard is moderately wounded.
Your +0 spectral quarterstaff hits the orc wizard but does no damage.
The orc wizard hits you with a +0 dagger.
You closely miss the orc wizard.
The orc wizard is moderately wounded.
Your +0 spectral quarterstaff closely misses the orc wizard.
The orc wizard hits you with a +0 dagger.
Your orc skeleton hits the orc wizard but does no damage.
You hit the orc wizard.
The orc wizard is moderately wounded.
Your +0 spectral quarterstaff barely misses the orc wizard.
Your orc skeleton crumbles into dust!
The orc wizard completely misses you.
The orc barely misses your +0 spectral quarterstaff.
The orc wizard gestures wildly while chanting.
The orc wizard flickers and vanishes!
Deactivating autopickup; reactivate with Ctrl-A.
You barely miss something.
Your +0 spectral quarterstaff barely misses something.
Something hits you but does no damage.
The orc misses your +0 spectral quarterstaff.
You miss something.
Your +0 spectral quarterstaff misses something.
Something hits you.
The orc barely misses your +0 spectral quarterstaff.
Casting: Necrotise (safe; 1% risk of failure)
Confirm with . or Enter, or press ? or * to list all spells.
Aiming: Necrotise (safe; 1% risk of failure)
Press: ? - help, Shift-Dir - straight line, f - orc
Aim: an orc, wielding a +0 club and wearing a +0 leather armour (chance to affect: 93%)
You feel a surge of power!
Something writhes in agony!
Something hits you.
You hit the orc but do no damage.
Your +0 spectral quarterstaff misses the orc.
You hear some strange, mumbled words.
A magic dart appears from out of thin air!
The magic dart hits you. The orc hits you but does no damage.
Something hits you. The orc hits you with a +0 club.
You completely miss the orc.
Your +0 spectral quarterstaff hits the orc.
You hear some strange, mumbled words.
A puff of flame appears from out of thin air!
The puff of flame misses you. The orc hits you with a +0 club.
You closely miss the orc.
The orc is moderately wounded.
Your +0 spectral quarterstaff closely misses the orc.
You hear some strange, mumbled words.
A magic dart appears from out of thin air!
The magic dart hits you. The orc barely misses you.
You barely miss the orc.
The orc is moderately wounded.
Your +0 spectral quarterstaff hits the orc.
You kill the orc!
Sif Muna accepts your kill. Something hits you. x2
* * * LOW HITPOINT WARNING * * *
Casting: Necrotise (safe; 1% risk of failure)
Confirm with . or Enter, or press ? or * to list all spells.
Aiming: Vampiric Draining (dangerous; 3% risk of failure)
Press: ? - help, Shift-Dir - straight line You feel a surge of power!
You draw life force from something.
Sif Muna accepts your kill.
Reactivating autopickup.
You feel a bit more experienced.
You feel life coursing into your body.
Magic restored.
You now have 203 gold pieces (gained 14).
Things that are here:
a +0 short sword; an orc corpse
g - 2 scrolls labelled BAFFISKO WYUT (gained 1)
Things that are here:
a +0 hand axe; a +0 leather armour
Found a stone staircase leading down.
There is a stone staircase leading down here.
Things that are here:
a +0 dagger; a +0 robe
There is a stone staircase leading down here.
There is a stone staircase leading down here.
Things that are here:
a +0 club; a +0 leather armour A jelly comes into view.
There is an open door here.
Casting: Vampiric Draining (dangerous; 3% risk of failure)
Confirm with . or Enter, or press ? or * to list all spells.
Okay, then.
Unknown command.
Casting: Vampiric Draining (dangerous; 3% risk of failure)
Confirm with . or Enter, or press ? or * to list all spells.
Aiming: Magic Dart (safe; 9% risk of failure)
Press: ? - help, Shift-Dir - straight line, f - jelly
Aim: a jelly (asleep, 100% to hit)
The magic dart hits the jelly.
The jelly is lightly wounded.
The jelly quivers.
Casting: Magic Dart (safe; 9% risk of failure)
Confirm with . or Enter, or press ? or * to list all spells.
Aiming: Magic Dart (safe; 9% risk of failure)
Press: ? - help, Shift-Dir - straight line, f/p - jelly
Aim: a jelly (lightly wounded, 100% to hit)
The magic dart hits the jelly.
The jelly is lightly wounded.
Unknown command.
Casting: Magic Dart (safe; 9% risk of failure)
Confirm with . or Enter, or press ? or * to list all spells.
Aiming: Necrotise (safe; 1% risk of failure)
Press: ? - help, Shift-Dir - straight line, f/p - jelly
Aim: a jelly (lightly wounded, chance to affect: 88%)
You feel a surge of power!
The jelly writhes in agony.
Casting: Necrotise (safe; 1% risk of failure)
Confirm with . or Enter, or press ? or * to list all spells.
Aiming: Necrotise (safe; 1% risk of failure)
Press: ? - help, Shift-Dir - straight line, f/p - jelly
Aim: a jelly (heavily wounded, chance to affect: 88%)
You feel a surge of power!
The jelly writhes in agony.
Casting: Necrotise (safe; 1% risk of failure)
Confirm with . or Enter, or press ? or * to list all spells.
Aiming: Necrotise (safe; 1% risk of failure)
Press: ? - help, Shift-Dir - straight line, f/p - jelly
Aim: a jelly (heavily wounded, chance to affect: 88%)
You feel a surge of power!
The jelly writhes in agony.
Casting: Necrotise (safe; 1% risk of failure)
Confirm with . or Enter, or press ? or * to list all spells.
Aiming: Necrotise (safe; 1% risk of failure)
Press: ? - help, Shift-Dir - straight line, f/p - jelly
Aim: a jelly (almost dead, chance to affect: 88%)
You feel a surge of power!
The jelly writhes in agony.
You kill the jelly!
Sif Muna accepts your kill.
Your Spellcasting skill increases to level 5!
There is an open door here.
e - 2 scrolls labelled QAEBLI NEMOBYM (gained 1)
There is an open door here.
Found 2 stones.
Found a stone staircase leading down.
Sigmund the Dreaded comes into view.
He is wielding a +0 scythe.
The helpless Sigmund fails to defend himself.
You sock Sigmund!
Sigmund is moderately wounded.
Your +0 spectral quarterstaff hits Sigmund.
Sigmund hits you with a +0 scythe!
You hit Sigmund.
Sigmund is heavily wounded.
Your +0 spectral quarterstaff barely misses Sigmund.
Sigmund closely misses you.
You closely miss Sigmund.
Sigmund is heavily wounded.
Your +0 spectral quarterstaff hits Sigmund but does no damage.
You sock Sigmund!
Sigmund is almost dead.
Your +0 spectral quarterstaff barely misses Sigmund.
Sigmund hits you with a +0 scythe.
You hit Sigmund.
Sigmund is almost dead.
Your +0 spectral quarterstaff hits Sigmund.
You kill Sigmund!
Sif Muna accepts your kill.
You swap places.
Things that are here:
a +0 scythe; a +0 robe; the human corpse of Sigmund
Found a stone staircase leading up.
An iguana comes into view.
Casting: Necrotise (safe; 1% risk of failure)
Confirm with . or Enter, or press ? or * to list all spells.
You can't see any susceptible monsters within range! (Use Z to cast anyway.) Unknown command.
Casting: Necrotise (safe; 1% risk of failure)
Confirm with . or Enter, or press ? or * to list all spells.
Aiming: Magic Dart (safe; 8% risk of failure)
Press: ? - help, Shift-Dir - straight line, f - iguana
Aim: an iguana (asleep, 100% to hit)
The magic dart hits the iguana.
The iguana is moderately wounded.
Casting: Magic Dart (safe; 8% risk of failure)
Confirm with . or Enter, or press ? or * to list all spells.
Aiming: Necrotise (safe; 1% risk of failure)
Press: ? - help, Shift-Dir - straight line, f/p - iguana
Aim: an iguana (moderately wounded, chance to affect: 88%)
You feel a surge of power!
The iguana writhes in agony.
Casting: Necrotise (safe; 1% risk of failure)
Confirm with . or Enter, or press ? or * to list all spells.
Aiming: Necrotise (safe; 1% risk of failure)
Press: ? - help, Shift-Dir - straight line, f/p - iguana
Aim: an iguana (heavily wounded, chance to affect: 88%)
You feel a surge of power!
The iguana writhes in agony.
Casting: Necrotise (safe; 1% risk of failure)
Confirm with . or Enter, or press ? or * to list all spells.
Aiming: Necrotise (safe; 1% risk of failure)
Press: ? - help, Shift-Dir - straight line, f/p - iguana
Aim: an iguana (almost dead, chance to affect: 88%)
You feel a surge of power!
The iguana writhes in agony!
You kill the iguana!
Sif Muna accepts your kill.
The dead are walking!
Your Necromancy skill increases to level 7!
You swap places.
An ufetubus comes into view.
Your iguana skeleton crumbles into dust!
The ufetubus shouts!
The ufetubus hits you. The ufetubus closely misses you.
The ufetubus hits you but does no damage.
The ufetubus hits you.
You hit the ufetubus.
The ufetubus is severely wounded.
Your +0 spectral quarterstaff hits the ufetubus.
The ufetubus hits you but does no damage.
The ufetubus misses you. The ufetubus closely misses you.
The ufetubus hits you.
You closely miss the ufetubus.
The ufetubus is almost dead.
Your +0 spectral quarterstaff hits the ufetubus but does no damage.
The ufetubus hits you. The ufetubus closely misses you.
The ufetubus hits you but does no damage.
The ufetubus misses you.
You hit the ufetubus but do no damage.
The ufetubus is almost dead.
Your +0 spectral quarterstaff barely misses the ufetubus.
The ufetubus misses you. The ufetubus barely misses you.
The ufetubus closely misses you. The ufetubus barely misses you.
You miss the ufetubus.
The ufetubus is almost dead.
Your +0 spectral quarterstaff hits the ufetubus!
You kill the ufetubus!
Sif Muna accepts your kill.
o - 10 boomerangs (gained 6)
There is a stone staircase leading up here.
Partly explored, can't reach some places.
You sock the bush!
The bush is lightly damaged.
Your +0 spectral quarterstaff hits the bush!
You hit the bush.
The bush is lightly damaged.
Your +0 spectral quarterstaff hits the bush but does no damage.
You hit the bush but do no damage.
The bush is lightly damaged.
Your +0 spectral quarterstaff hits the bush but does no damage.
You hit the bush.
The bush is moderately damaged.
Your +0 spectral quarterstaff hits the bush!
You hit the bush.
The bush is moderately damaged.
Your +0 spectral quarterstaff hits the bush but does no damage.
You sock the fungus!
The fungus begins to die.
The fungus is lightly damaged.
Your +0 spectral quarterstaff hits the fungus!
You completely miss the bush.
The bush is moderately damaged.
Your +0 spectral quarterstaff hits the bush!
Your +0 spectral quarterstaff hits the fungus!
The fungus begins to die.
Your +0 spectral quarterstaff hits the fungus!
Your +0 spectral quarterstaff hits the bush but does no damage.
You hit the bush but do no damage.
The bush is heavily damaged.
Your +0 spectral quarterstaff hits the bush!
You hit the bush.
The bush is heavily damaged.
Your +0 spectral quarterstaff hits the bush but does no damage.
A nearby fungus withers and dies. x2
You swap places.
Found a glowing hammer.
Found a runed translucent door.
Press: ? - help, v - describe, . - travel A stone wall.
Unknown command.
As you open the door, it creaks loudly!
Crazy Yiuf shouts!
There is an open translucent door here.
You hit Crazy Yiuf.
Crazy Yiuf is moderately wounded.
Your +0 spectral quarterstaff barely misses Crazy Yiuf.
Crazy Yiuf twirls on the spot.
Crazy Yiuf barely misses you.
You hit Crazy Yiuf.
Crazy Yiuf is heavily wounded.
Your +0 spectral quarterstaff hits Crazy Yiuf.
Crazy Yiuf hits you with a +2 quarterstaff of chaos! x2
You are electrocuted!
You sock Crazy Yiuf!
You kill Crazy Yiuf!
Sif Muna accepts your kill.
You have reached level 8!
Items here: ! ) [ †.
w - a +0 cloak You start putting on your armour.
You continue putting on your +0 cloak. x4
You finish putting on your +0 cloak.
You see here a +1 hammer of protection.
Done exploring.
x - a +1 hammer of protection You drop a +0 short sword of freezing.
You drop a +1 hammer of protection.
Things that are here:
a +2 quarterstaff of chaos; a fizzy pink potion; the gnoll corpse of Crazy Yiuf
There is an open translucent door here.
There is a stone staircase leading down here.
Done exploring.
This spell is dangerous to cast!
Memorise Animate Dead, consuming 4 spell levels and leaving 8?
You start memorising the spell.
You continue memorising. x4
You finish memorising.
Spell assigned to 'd'.
You climb downwards.
Found 3 stones.
There is a stone staircase leading up here.
s - a +3 dagger (weapon)
The jelly quivers.
Casting: Necrotise (safe; 1% risk of failure)
Confirm with . or Enter, or press ? or * to list all spells.
Aiming: Necrotise (safe; 1% risk of failure)
Press: ? - help, Shift-Dir - straight line, f - jelly
Aim: a jelly (chance to affect: 88%)
You feel a surge of power!
The jelly writhes in agony!
The jelly misses you.
You completely miss the jelly.
The jelly is heavily wounded.
The jelly hits you but does no damage.
You hit the jelly.
Your hands burn!
The jelly is heavily wounded.
The jelly misses you.
You completely miss the jelly.
The jelly is heavily wounded.
The jelly barely misses you.
You hit the jelly.
Your hands burn!
The jelly is almost dead.
The jelly hits you but does no damage.
You feel a bond with your +0 spectral quarterstaff.
a - a +0 spectral quarterstaff (weapon)
The jelly hits you. The acid corrodes you!
You are splashed with acid!
You hit the jelly.
You kill the jelly!
Sif Muna accepts your kill.
Magic restored.
You are no longer corroded.
HP restored.
You open the door.
There is an open door here.
A gnoll comes into view. It is wielding a +0 club.
Casting: Necrotise (safe; 1% risk of failure)
Confirm with . or Enter, or press ? or * to list all spells.
Aiming: Magic Dart (safe; 7% risk of failure)
Press: ? - help, Shift-Dir - straight line, f - gnoll
Aim: a gnoll, wielding a +0 club (wandering, hasn't noticed you, 100% to hit)
The magic dart hits the gnoll.
The gnoll is lightly wounded.
Unknown command.
There is an open door here.
Casting: Magic Dart (safe; 7% risk of failure)
Confirm with . or Enter, or press ? or * to list all spells.
Aiming: Necrotise (safe; 1% risk of failure)
Press: ? - help, Shift-Dir - straight line, f/p - gnoll
Aim: a gnoll, wielding a +0 club (lightly wounded, chance to affect: 88%)
You feel a surge of power!
The gnoll writhes in agony.
Casting: Necrotise (safe; 1% risk of failure)
Confirm with . or Enter, or press ? or * to list all spells.
Aiming: Necrotise (safe; 1% risk of failure)
Press: ? - help, Shift-Dir - straight line, f/p - gnoll
Aim: a gnoll, wielding a +0 club (moderately wounded, chance to affect: 88%)
You feel a surge of power!
The gnoll writhes in agony!
Casting: Necrotise (safe; 1% risk of failure)
Confirm with . or Enter, or press ? or * to list all spells.
Aiming: Necrotise (safe; 1% risk of failure)
Press: ? - help, Shift-Dir - straight line, f/p - gnoll
Aim: a gnoll, wielding a +0 club (severely wounded, chance to affect: 88%)
You feel a surge of power!
The gnoll writhes in agony.
Casting: Necrotise (safe; 1% risk of failure)
Confirm with . or Enter, or press ? or * to list all spells.
Aiming: Necrotise (safe; 1% risk of failure)
Press: ? - help, Shift-Dir - straight line, f/p - gnoll
Aim: a gnoll, wielding a +0 club (almost dead, chance to affect: 88%)
You feel a surge of power!
The gnoll barely resists.
You hit the gnoll.
You kill the gnoll!
Sif Muna accepts your kill.
Things that are here:
a +0 club; a gnoll corpse A gnoll bouda comes into view.
It is wielding a +0 club.
Casting: Necrotise (safe; 1% risk of failure)
Confirm with . or Enter, or press ? or * to list all spells.
Aiming: Magic Dart (safe; 7% risk of failure)
Press: ? - help, Shift-Dir - straight line, f - gnoll bouda
Aim: a gnoll bouda, wielding a +0 club and wearing a +0 leather armour (wandering, hasn't noticed you, 100% to hit)
The magic dart hits the gnoll bouda but does no damage.
The gnoll bouda shouts!
The gnoll bouda barks out a call to the hunt!
Things that are here:
a +0 club; a gnoll corpse
Casting: Magic Dart (safe; 7% risk of failure)
Confirm with . or Enter, or press ? or * to list all spells.
Aiming: Necrotise (safe; 1% risk of failure)
Press: ? - help, Shift-Dir - straight line, f/p - gnoll bouda
Aim: a gnoll bouda, wielding a +0 club and wearing a +0 leather armour (chance to affect: 83%)
You feel a surge of power!
The gnoll bouda writhes in agony.
The gnoll bouda barks out a call to the hunt!
You hear a shout! x2
Casting: Necrotise (safe; 1% risk of failure)
Confirm with . or Enter, or press ? or * to list all spells.
Aiming: Necrotise (safe; 1% risk of failure)
Press: ? - help, Shift-Dir - straight line, f/p - gnoll bouda
Aim: a gnoll bouda, wielding a +0 club and wearing a +0 leather armour (moderately wounded, chance to affect: 83%)
You feel a surge of power!
The gnoll bouda writhes in agony.
Aiming: Necrotise (safe; 1% risk of failure)
Press: ? - help, Q - select action, (/) - cycle Shift-Dir - straight line, f/p - gnoll bouda
Aim: a gnoll bouda, wielding a +0 club and wearing a +0 leather armour (heavily wounded, chance to affect: 83%)
You feel a surge of power!
The gnoll bouda writhes in agony!
You kill the gnoll bouda!
Sif Muna accepts your kill.
The dead are walking!
Your Stealth skill increases to level 4!
A gnoll comes into view. It is wielding a +0 spear.
A gnoll comes into view. It is wielding a +0 spear.
A gnoll comes into view. It is wielding a +0 spear.
Your gnoll bouda skeleton hits the gnoll.
Aiming: Necrotise (safe; 1% risk of failure)
Press: ? - help, Q - select action, (/) - cycle Shift-Dir - straight line, f - gnoll
Aim: a gnoll, wielding a +0 spear (moderately wounded, covering ground quickly, ally target, chance to affect: 88%)
You feel a surge of power!
The gnoll writhes in agony!
You kill the gnoll!
Sif Muna accepts your kill.
The dead are walking!
Your gnoll bouda skeleton hits the gnoll.
The gnoll hits your gnoll bouda skeleton with a +0 spear.
Things that are here:
a +0 club; a gnoll corpse Your gnoll skeleton barely misses the gnoll.
Your gnoll bouda skeleton barely misses the gnoll.
The gnoll hits your gnoll bouda skeleton with a +0 spear!
Aiming: Necrotise (safe; 1% risk of failure)
Press: ? - help, Q - select action, (/) - cycle Shift-Dir - straight line, f - gnoll
Aim: a gnoll, wielding a +0 spear (lightly wounded, covering ground quickly, ally target, chance to affect: 88%)
You feel a surge of power!
The gnoll writhes in agony!
The gnoll is no longer moving quickly.
The gnoll hits you but does no damage.
Your gnoll bouda skeleton hits the gnoll.
The gnoll dies!
Sif Muna accepts your kill.
Aiming: Necrotise (safe; 1% risk of failure)
Press: ? - help, Q - select action, (/) - cycle Shift-Dir - straight line, f - gnoll
Aim: a gnoll, wielding a +0 spear (ally target, chance to affect: 88%)
You feel a surge of power!
The gnoll writhes in agony.
The gnoll hits you from afar with a +0 spear!
Your gnoll skeleton closely misses the gnoll.
Your gnoll bouda skeleton closely misses the gnoll.
Aiming: Necrotise (safe; 1% risk of failure)
Press: ? - help, Q - select action, (/) - cycle Shift-Dir - straight line, f/p - gnoll
Aim: a gnoll, wielding a +0 spear (moderately wounded, ally target, chance to affect: 88%)
You feel a surge of power!
The gnoll writhes in agony.
The gnoll barely misses you.
Your gnoll skeleton hits the gnoll.
Your gnoll bouda skeleton hits the gnoll.
Aiming: Necrotise (safe; 1% risk of failure)
Press: ? - help, Q - select action, (/) - cycle Shift-Dir - straight line, f/p - gnoll
Aim: a gnoll, wielding a +0 spear (almost dead, not watching you, ally target, chance to affect: 88%)
Okay, then.
The gnoll hits your gnoll bouda skeleton with a +0 spear.
Your gnoll skeleton hits the gnoll.
The gnoll dies!
Sif Muna accepts your kill.
You swap places.
r - 3 scrolls labelled MEFOTI URHA (gained 1)
Things that are here:
a +0 spear; a +0 spear; a gnoll corpse
Things that are here:
a +0 club; a +0 leather armour You see here a +0 spear.
You swap places.
Things that are here:
a +0 club; a gnoll corpse Your gnoll bouda skeleton crumbles into dust!
Your gnoll skeleton crumbles into dust!
Things that are here:
a +0 club; a gnoll corpse
Things that are here:
a +0 club; a +0 leather armour
There is an open door here.
An orc wizard comes into view. It is wielding a +0 dagger.
The orc wizard shouts!
You hear a shout! x2
You closely miss the orc wizard. The orc wizard closely misses you.
You hit the orc wizard.
The orc wizard is heavily wounded.
The orc wizard mumbles some strange words.
The orc wizard flickers and vanishes!
Deactivating autopickup; reactivate with Ctrl-A.
An orc comes into view. It is wielding a +0 falchion.
Something hits you.
You hear a shout!
You closely miss something. Something hits you but does no damage.
You barely miss something. Something hits you.
An orc comes into view. It is wielding a +0 short sword.
You hit something.
You hear some strange, mumbled words.
Something tries to affect you, but you resist.
Something hits you but does no damage.
You miss something. Something hits you.
You hit something. Something hits you but does no damage.
You sock something! Sif Muna accepts your kill.
Reactivating autopickup.
You feel a bit more experienced. The orc misses you.
You hit the orc.
The orc is moderately wounded.
The orc hits you with a +0 falchion.
You hit the orc.
You kill the orc!
Sif Muna accepts your kill.
You barely miss the orc. The orc misses you.
You hit the orc but do no damage. The orc misses you.
The orc hits you with a +0 short sword.
You closely miss the orc. The orc hits you but does no damage.
You sock the orc!
You kill the orc!
Sif Muna accepts your kill.
Grinder comes into view.
Items here: $ ))) [[ ††.
Press: ? - help, v - describe, . - travel
Here: Grinder The floor.
Unknown command.
Unknown command.
Casting: Necrotise (safe; 1% risk of failure)
Confirm with . or Enter, or press ? or * to list all spells.
Aiming: Magic Dart (safe; 6% risk of failure)
Press: ? - help, Shift-Dir - straight line, f - Grinder
Aim: Grinder (100% to hit)
The magic dart hits Grinder.
Grinder is lightly wounded.
An adder comes into view.
Casting: Magic Dart (safe; 6% risk of failure)
Confirm with . or Enter, or press ? or * to list all spells.
Aiming: Magic Dart (safe; 6% risk of failure)
Press: ? - help, Shift-Dir - straight line, f/p - Grinder
Aim: Grinder (lightly wounded, 100% to hit)
The magic dart hits Grinder but does no damage.
Grinder is lightly wounded.
The adder hisses angrily.
Grinder drinks a potion.
Grinder seems to speed up.
Casting: Magic Dart (safe; 6% risk of failure)
Confirm with . or Enter, or press ? or * to list all spells.
Aiming: Necrotise (safe; 1% risk of failure)
Press: ? - help, Shift-Dir - straight line, f - adder, p - Grinder
Aim: an adder (chance to affect: 88%)
You feel a surge of power!
The adder writhes in agony.
An orc comes into view. It is wielding a +0 club.
Grinder hits you!
You hit Grinder but do no damage.
Grinder is lightly wounded.
Grinder blinks!
Casting: Necrotise (safe; 1% risk of failure)
Confirm with . or Enter, or press ? or * to list all spells.
Aiming: Necrotise (safe; 1% risk of failure)
Press: ? - help, Shift-Dir - straight line, f/p - adder
Aim: an adder (translocational energy, severely wounded, chance to affect: 88%)
You feel a surge of power!
The adder writhes in agony!
You kill the adder!
Sif Muna accepts your kill.
The dead are slithering!
Casting: Necrotise (safe; 1% risk of failure)
Confirm with . or Enter, or press ? or * to list all spells.
Aiming: Necrotise (safe; 1% risk of failure)
Press: ? - help, Shift-Dir - straight line, f - orc
Aim: an orc, wielding a +0 club (translocational energy, ally target, chance to affect: 93%)
You feel a surge of power!
The orc writhes in agony!
You kill the orc!
Sif Muna accepts your kill.
The dead are walking!
Your adder skeleton closely misses Grinder.
Casting: Necrotise (safe; 1% risk of failure)
Confirm with . or Enter, or press ? or * to list all spells.
Okay, then.
Grinder hits you.
Your adder skeleton closely misses Grinder.
Items here: $ )))) [[ ††.
You closely miss Grinder.
Grinder is lightly wounded.
Your +0 spectral quarterstaff misses Grinder.
Grinder hits you but does no damage.
Your orc skeleton hits Grinder but does no damage.
Grinder says, "Tell me all your secrets, or I'll kill you."
Grinder barely misses you.
Your adder skeleton bites Grinder.
You hit Grinder.
Grinder is lightly wounded.
Your +0 spectral quarterstaff hits Grinder.
Grinder hits you but does no damage.
Your adder skeleton misses Grinder.
Your orc skeleton barely misses Grinder.
Grinder hits you.
Your adder skeleton barely misses Grinder.
You closely miss Grinder.
Grinder is lightly wounded.
Your +0 spectral quarterstaff hits Grinder!
Grinder hits you but does no damage.
An arrow appears from out of your range of vision.
The arrow hits your orc skeleton.
Your orc skeleton misses Grinder.
Grinder gestures at you.
You suddenly lose the ability to move!
Your adder skeleton barely misses Grinder.
A centaur comes into view. It is wielding a +0 shortbow.
Your orc skeleton hits Grinder.
Grinder gestures at you.
You easily resist.
The centaur shoots an arrow.
The arrow hits your orc skeleton!
Your orc skeleton is destroyed!
Your adder skeleton barely misses Grinder.
Grinder hits you!
The centaur shoots an arrow.
The arrow hits you.
Your adder skeleton bites Grinder but does no damage.
Grinder gestures at you.
You easily resist.
The centaur shoots an arrow.
The arrow hits you.
You can move again.
Unknown command.
Grinder hits you but does no damage.
Your adder skeleton bites Grinder but does no damage.
Grinder hits you. Grinder attacks as you move away! Grinder hits you.
Your adder skeleton bites Grinder.
Grinder gestures at you.
You shrug off the repeated paralysis!
The centaur shoots an arrow.
The arrow hits your adder skeleton!
Grinder blinks!
Grinder hits your adder skeleton!
Your adder skeleton is destroyed!
The centaur shoots an arrow.
The arrow hits you!
* * * LOW HITPOINT WARNING * * *
Grinder gestures at you.
You easily resist.
Grinder blinks!
The centaur shoots an arrow.
The arrow barely misses you.
There is an open door here.
Grinder gestures at you.
You easily resist.
You see here a +0 spear.
Unknown command.
Grinder attacks as you move away! Grinder hits you but does no damage.
Grinder attacks as you move away! Grinder hits you.
* * * LOW HITPOINT WARNING * * *
Grinder hits you!
* * * LOW HITPOINT WARNING * * *
Grinder hits you.
You die...

Skill      XL: |  1  2  3  4  5  6  7  8 |
---------------+-------------------------+-----
Spellcasting   | 3 4 5 |  5.4
Fighting       | 1 2 3 |  3.8
Stealth        | 2 3 4 |  4.0
Necromancy     | 5 6 7 |  7.2
Conjurations   | 1 |  1.9
Dodging        | |  1.5

Action                     |  1- 3 |  4- 6 |  7- 9 || total
---------------------------+-------+-------+-------++-------
  Melee: Short sword       |    18 |       |       ||    18
         Dagger            |    13 |    27 |     4 ||    44
         Quarterstaff      |       |    19 |    91 ||   110
   Fire: Sling             |    15 |    45 |       ||    60
   Cast: Necrotise         |    56 |    20 |    27 ||   103
         Vampiric Draining |       |     2 |     2 ||     4
         Magic Dart        |       |       |     7 ||     7
   Stab: Sleeping          |     4 |       |     1 ||     5
         Distracted        |       |     1 |     1 ||     2
 Armour: Robe              |     8 |     3 |    22 ||    33
  Dodge: Dodged            |    21 |    39 |    51 ||   111

Levels and vault maps discovered:
D:1:      spicycebolla_arrival_clurvy, layout_basic
D:2:      layout_basic
D:3:      layout_rooms, grunt_temple_overflow_magic_moments,
          mainiacjoe_overflow_surrounded_room, gammafunk_ghost_gnarly_gnolls
D:4:      layout_loops_ring, mainiacjoe_overflow_cross_hatched, uniq_duvessa
D:5:      layout_loops_ring, kennysheep_generic_room_11, uniq_sigmund,
          uniq_crazy_yiuf_cottage
D:6:      layout_basic, mainiacjoe_overflow_swirl, minmay_temple_entry_junction,
          uniq_grinder

Notes
Turn   | Place    | Note
-------+----------+-------------------------------------------
     0 | D:1      | scionoferis the Mummy Necromancer began the quest for the
                  | Orb.
     0 | D:1      | Reached XP level 1. HP: 13/13 MP: 4/4
   245 | D:1      | Reached XP level 2. HP: 20/20 MP: 3/5
   723 | D:2      | Reached skill level 3 in Spellcasting
   951 | D:2      | Reached skill level 1 in Fighting
  1040 | D:2      | Reached skill level 2 in Stealth
  1040 | D:2      | Gained mutation: You are in touch with the powers of death.
                  | [Mummy growth]
  1040 | D:2      | Reached XP level 3. HP: 20/26 MP: 3/7
  1044 | D:2      | Learned a level 3 spell: Vampiric Draining
  1988 | D:3      | Reached XP level 4. HP: 26/32 MP: 4/8
  2061 | D:3      | Found a transporter.
  2103 | D:3      | Found a transporter.
  2117 | D:3      | Noticed BillyBaka's ghost (amateur MiFi)
  2120 | D:3      | Identified the +1 spear of the Toadstool {venom, *Noise Fly
                  | SInv}
  2195 | D:3      | Found a radiant altar of Vehumet.
  2195 | D:3      | Found an ancient bone altar of Kikubaaqudgha.
  2196 | D:3      | Found a shimmering blue altar of Sif Muna.
  2204 | D:3      | Became a worshipper of Sif Muna the Loreminder
  2212 | D:3      | Got Vehumet's Disquisition on Blows
  2215 | D:3      | Learned a level 1 spell: Magic Dart
  2241 | D:4      | Noticed Duvessa
  2241 | D:4      | Noticed Dowan
  2440 | D:4      | Noticed a phantom
  2511 | D:4      | Reached skill level 5 in Necromancy
  2814 | D:4      | Found a snail-covered altar of Cheibriados.
  3133 | D:5      | Entered Level 5 of the Dungeon
  3139 | D:5      | Reached XP level 5. HP: 38/38 MP: 8/10
  3146 | D:5      | Reached skill level 2 in Fighting
  3155 | D:5      | Noticed a water moccasin
  3161 | D:5      | Reached skill level 4 in Spellcasting
  3170 | D:5      | Killed a water moccasin
  3171 | D:5      | Reached skill level 3 in Stealth
  3171 | D:5      | Reached XP level 6. HP: 33/46 MP: 0/12
  3343 | D:5      | Reached skill level 6 in Necromancy
  3527 | D:5      | Reached * piety under Sif Muna
  3581 | D:5      | Reached skill level 3 in Fighting
  3581 | D:5      | Reached XP level 7. HP: 20/52 MP: 13/13
  4060 | D:5      | Reached skill level 1 in Conjurations
  4701 | D:5      | Reached skill level 5 in Spellcasting
  4846 | D:5      | Noticed Sigmund
  4852 | D:5      | Killed Sigmund
  4955 | D:5      | Reached skill level 7 in Necromancy
  5179 | D:5      | Found a runed translucent door.
  5180 | D:5      | Noticed Crazy Yiuf
  5187 | D:5      | Killed Crazy Yiuf
  5188 | D:5      | Reached XP level 8. HP: 30/59 MP: 15/15
  5376 | D:5      | Learned a level 4 spell: Animate Dead
  5495 | D:6      | Reached skill level 4 in Stealth
  5570 | D:6      | Noticed Grinder
  5581 | D:6      | Paralysed by Grinder for 3 turns
  5594 | D:6      | HP: 2/60 [Grinder (7)]
  5596 | D:6      | Slain by Grinder

Vanquished Creatures
  Sigmund (D:5)
  A water moccasin (D:5)
  3 phantoms (D:5 D:4)
  5 howler monkeys (D:5)
  2 jellies (D:5 D:6)
  Crazy Yiuf (D:5)
  2 gnoll boudas (D:5 D:6)
  A sleepcap (D:5)
  2 iguanas (D:4 D:5)
  2 orc wizards (D:5 D:6)
  2 gnolls (D:6)
  5 adders (D:2 D:3 D:4 D:5 D:6)
  An ufetubus (D:5)
  2 worms (D:2)
  4 dart slugs (D:1 D:2 D:3)
  9 orcs (D:4 D:5 D:6)
  7 ball pythons (D:1 D:2 D:3 D:4)
  5 bats (D:2 D:3)
  3 endoplasms (D:2 D:3 D:4)
  2 giant cockroaches (D:2)
  7 goblins (D:1 D:2 D:3)
  5 hobgoblins (D:1 D:4)
  5 kobolds (D:2 D:3 D:4)
  2 quokkas (D:1 D:4)
  A frilled lizard (D:3)
  4 rats (D:1 D:2 D:3)
84 creatures vanquished.

Vanquished Creatures (collateral kills)
  An iguana (D:5)
  2 gnolls (D:6)
  A rat (D:1)
4 creatures vanquished.

Vanquished Creatures (others)
  2 fungi (D:5)
  6 plants (D:3)
8 creatures vanquished.

Grand Total: 96 creatures vanquished

Table legend: (Time is in decaauts)
 A = Elapsed time spent in this place.
 B = Non-inter-level travel time spent in this place.
 C = Inter-level travel time spent in this place.
 D = Time resting spent in this place.
 E = Time spent auto-exploring this place.
 F = Levels seen in this place.
 G = Mean time per level.
                   A        B        C        D        E       F      G
               +--------+--------+--------+--------+--------+-----+--------+
         Total |   5642 |   5402 |    240 |    341 |   4172 |   6 |  940.3 |
       Dungeon |   5642 |   5402 |    240 |    341 |   4172 |   6 |  940.3 |
               +--------+--------+--------+--------+--------+-----+--------+

Top non-repeatable levels by time:
     D:5: 2035 daAuts
     D:4: 1121 daAuts
     D:2: 880 daAuts
     D:3: 700 daAuts
     D:1: 681 daAuts
     D:6: 223 daAuts

Table legend:
 A = Non-vault XP
 B = Vault XP
 C = Vault XP percentage of total XP
 D = Non-vault monster count
 E = Vault monster count
 F = Vault count percentage of total count
                 A         B        C        D         E       F
            +---------+---------+-------+---------+---------+-------
      Total |    1337 |     305 |  18.6 |      85 |       3 |   3.4
            +---------+---------+-------+---------+---------+-------
        D:1 |      17 |       0 |   0.0 |       9 |       0 |   0.0
        D:2 |      53 |       0 |   0.0 |      20 |       0 |   0.0
        D:3 |      33 |       0 |   0.0 |      11 |       0 |   0.0
        D:4 |     178 |       0 |   0.0 |      14 |       0 |   0.0
        D:5 |     862 |     305 |  26.1 |      20 |       3 |  13.0
        D:6 |     194 |       0 |   0.0 |      11 |       0 |   0.0
            +---------+---------+-------+---------+---------+-------
